 Dungeon Crawl Stone Soup version 0.31-a0-640-g39d97e502b (webtiles) character file.

Game seed: 6999092834840126217

36 qw the Shooter (level 3, -2/21 HPs)
             Began as a Gargoyle Hunter on Aug 27, 2023.
             Slain by Natasha (6 damage)
             ... on level 2 of the Dungeon.
             The game lasted 00:00:20 (971 turns).

qw the Shooter (Gargoyle Hunter)                     Turns: 971, Time: 00:00:20

Health: -2/21      AC:  6    Str: 14    XL:     3   Next: 37%
Magic:  3/3        EV: 11    Int:  9    God:
Gold:   52         SH:  5    Dex: 15    Spells: 2/2 levels left

rFire   . . .        Y - +0 shortbow
rCold   . . .        (shield currently unavailable)
rNeg    + . .        c - +0 leather armour
rPois   inf          (no helmet)
rElec   +            (no cloak)
rCorr   .            (no gloves)
SInv    .            (no boots)
Will    .....        g - amulet of reflection
Stlth   ++           (no ring)
HPRegen 0.23/turn    (no ring)
MPRegen 0.08/turn

%: reflection
@: no status effects
A: sickness immunity, AC +3, negative energy resistance 1, electricity
resistance, torment resistance 1, petrification resistance
a: no special abilities


You were on level 2 of the Dungeon.
You visited 1 branch of the dungeon, and saw 2 of its levels.

You collected 52 gold pieces.


Innate Abilities, Weirdness & Mutations

You are immune to sickness and miasma.
Your stone body is resilient. (AC +3)
You are immune to poison.
You resist negative energy. (rN+)
You are resistant to electric shocks. (rElec)
You are resistant to unholy torment.
You are immune to petrification.


   Skills:
 + Level 2.2 Fighting
 - Level 5.1 Ranged Weapons
 - Level 1.5 Dodging
 - Level 1.1 Stealth


You had 2 spell levels left.
You didn't know any spells.
Your spell library was empty.

Inventory:

Hand Weapons
 Y - a +0 shortbow (weapon)
Armour
 c - a +0 leather armour (worn)
Jewellery
 g - an amulet of reflection (around neck)
Potions
 d - a potion of magic {unknown}
 i - a potion of berserk rage {unknown}

Dungeon Overview and Level Annotations

Branches:
Dungeon (2/15)

Altars:

Shops:
D:1 [

Annotations:
D:2 Natasha


Message History

You shoot an arrow. The arrow hits the frilled lizard.
The frilled lizard is heavily wounded.
The frilled lizard barely misses you.
You shoot an arrow.
The arrow closely misses the frilled lizard.
The arrow hits the adder.
You kill the adder!
The frilled lizard bites you.
Your Ranged Weapons skill increases to level 5!
You shoot an arrow.
The arrow hits the frilled lizard but does no damage.
The frilled lizard is heavily wounded.
Natasha casts a spell.
The frilled lizard bites you but does no damage.
You shoot an arrow.
The arrow closely misses the frilled lizard.
The arrow hits Natasha.
Natasha is lightly wounded.
The frilled lizard closely misses you.
You shoot an arrow. The arrow hits the frilled lizard.
You kill the frilled lizard!
You block the cerulean imp's attack. You block the endoplasm's attack.
You shoot an arrow. The arrow hits the endoplasm.
The endoplasm is moderately wounded.
You block the cerulean imp's attack. The endoplasm freezes you.
You are frozen.
You shoot an arrow. The arrow hits the endoplasm!
You kill the endoplasm!
The cerulean imp disappears in a puff of smoke!
Natasha wildly gestures.
You feel disoriented. The cerulean imp closely misses you.
You shoot an arrow. The arrow hits Natasha.
Natasha is moderately wounded.
Natasha claws you. The cerulean imp barely misses you. Natasha claws you.
You shoot an arrow. The arrow closely misses Natasha.
The cerulean imp barely misses you. Natasha claws you.
You die...
Natasha curls up and begins to purr.

. ..##
...#
#..###
...#
#.##
#<.#
##@#
#h#
#)5#
##...
.ยค...
..###..
... .
....
##.).


You could see Natasha and a cerulean imp (summoned).

Vanquished Creatures
  An adder (D:2)
  A dart slug (D:1)
  2 ball pythons
  3 bats (D:1)
  3 endoplasms
  A giant cockroach (D:1)
  3 goblins
  A hobgoblin (D:1)
  A quokka (D:1)
  A frilled lizard (D:2)
  2 kobolds (D:1)
  5 rats (D:1)
24 creatures vanquished.

Notes
Turn   | Place    | Note
-------+----------+-------------------------------------------
     0 | D:1      | qw the Gargoyle Hunter began the quest for the Orb.
     0 | D:1      | Reached XP level 1. HP: 12/12 MP: 1/1
     0 | D:1      | 0 ||| qw: Version: 0.3-a-74-g56b0e0c
     0 | D:1      | 0 ||| qw: Game counter: 10
     0 | D:1      | 0 ||| qw: Melee chars always use a shield: true
     0 | D:1      | 0 ||| qw: God list: Okawaru
     0 | D:1      | 0 ||| qw: Allow faded altars: false
     0 | D:1      | 0 ||| qw: Do Orc after clearing Dungeon:15 true
     0 | D:1      | 0 ||| qw: Do second Lair branch before Depths: true
     0 | D:1      | 0 ||| qw: Lair rune preference: random
     0 | D:1      | 0 ||| qw: Goals: Normal
     0 | D:1      | 0 ||| PLANNING D:1-11
   269 | D:1      | Reached XP level 2. HP: 16/17 MP: 2/2
   435 | D:1      | Found Uplautun's Antique Armour Shoppe.
   451 | D:1      | 451 ||| SHOPLISTING cloak (117 gold, have 36).
   451 | D:1      | 451 ||| SHOPLISTING glowing leather armour (130 gold, have
                  | 36).
   451 | D:1      | 451 ||| SHOPLISTING pair of steaming boots (247 gold, have
                  | 36).
   451 | D:1      | 451 ||| SHOPLISTING ring mail (104 gold, have 36).
   921 | D:1      | 921 ||| UPGRADING to amulet of reflection.
   926 | D:1      | 926 ||| READING scroll labelled RAF BEOLUUSU.
   927 | D:1      | 927 ||| READING scroll labelled HAESAH XELOKKOO.
   928 | D:1      | 928 ||| READING scroll labelled MUISUI VOYLINUIL.
   929 | D:1      | 929 ||| DRINKING 2 puce potions.
   930 | D:1      | 930 ||| DROPPING scroll of butterflies.
   931 | D:1      | 931 ||| DROPPING potion of attraction.
   941 | D:2      | Reached XP level 3. HP: 19/21 MP: 3/3
   958 | D:2      | Noticed Natasha
   961 | D:2      | 961 ||| Stepping ~*~*~tactically~*~*~ (retreating).
   965 | D:2      | Reached skill level 5 in Ranged Weapons
   970 | D:2      | HP: 4/21 [Natasha (5)]
   971 | D:2      | Slain by Natasha

Levels and vault maps discovered:
D:1:      wander_arrival_fairy_ring, layout_basic, serial_shops,
          nicolae_shop_tiny_waterfront, minmay_close_crescents
D:2:      layout_rooms, chequers_serial_rivers_large_a, uniq_natasha,
          uniq_sigmund

Skill      XL: |  1  2  3 |
---------------+----------+-----
Ranged Weapons | 5 |  5.1
Fighting       | |  2.2
Dodging        | |  1.5
Stealth        | |  1.1

Action                     || total
---------------------------++-------
   Fire: Shortbow          ||    89
    Use: Scroll            ||     3
         Potion            ||     1
 Armour: Leather armour    ||    23
  Dodge: Dodged            ||    49
  Block: Other             ||     9

Table legend:
 A = Non-vault XP
 B = Vault XP
 C = Vault XP percentage of total XP
 D = Non-vault monster count
 E = Vault monster count
 F = Vault count percentage of total count
                 A         B        C        D         E       F
            +---------+---------+-------+---------+---------+-------
      Total |      43 |       9 |  17.3 |      19 |       5 |  20.8
            +---------+---------+-------+---------+---------+-------
        D:1 |      23 |       9 |  28.1 |      14 |       5 |  26.3
        D:2 |      20 |       0 |   0.0 |       5 |       0 |   0.0
            +---------+---------+-------+---------+---------+-------
